 Dungeon Crawl Stone Soup version 0.30-a0-778-g2ef04afb54 (webtiles) character file.

Game seed: 4014318359350798936

3250 browni3141 the Fighter (level 9, -3/82 HPs)
             Began as a Hill Orc Gladiator on Feb 17, 2023.
             Was a Believer of Okawaru.
             Slain by a vampire (6 damage)
             ... on level 7 of the Dungeon.
             The game lasted 00:08:05 (7214 turns).

browni3141 the Fighter (Hill Orc Gladiator)         Turns: 7214, Time: 00:08:06

Health: -3/82      AC: 10    Str: 21    XL:     9   Next: 99%
Magic:  0/12       EV: 13    Int:  8    God:    Okawaru [**....]
Gold:   360        SH:  0    Dex: 12    Spells: 8/8 levels left

rFire   . . .      SeeInvis .    a - +1 flail
rCold   . . .      Faith    .    (no shield)
rNeg    . . .      Spirit   +    O - +0 troll leather armour
rPois   .          Reflect  .    c - +0 helmet
rElec   .          Harm     .    K - +0 cloak
rCorr   .          Rampage  .    n - +2 pair of gloves
Will    .....                    (no boots)
Stlth   +                        k - amulet of guardian spirit
HPRegen 1.13/turn                B - +4 ring of slaying
MPRegen 0.13/turn                (no ring)

@: confused, hasted, very quick
A: no striking features
a: Renounce Religion, Heroism


You were on level 7 of the Dungeon.
You worshipped Okawaru.
Okawaru was pleased with you.
You visited 2 branches of the dungeon, and saw 8 of its levels.

You collected 360 gold pieces.

Inventory:

Hand Weapons
 a - a +1 flail (weapon)
 J - a +4 quarterstaff of chaos
 L - a +1 hammer of holy wrath
Missiles
 d - 2 throwing nets
 l - 62 stones
 v - 4 datura-tipped darts
 C - 3 poisoned darts
 F - 3 boomerangs
Armour
 b - a +0 leather armour
 c - a +0 helmet (worn)
 m - a +0 ring mail
 n - a +2 pair of gloves (worn)
 D - a +0 chain mail
 K - a +0 cloak (worn)
 O - a +0 troll leather armour (worn)
 P - a +0 plate armour
Jewellery
 k - an amulet of guardian spirit (around neck)
 B - a +4 ring of slaying (left hand)
Wands
 p - a wand of flame (4) (quivered)
 y - a wand of paralysis (5)
Scrolls
 g - 2 scrolls of enchant weapon
 h - a scroll of teleportation
 o - 3 scrolls of noise
 q - 2 scrolls of amnesia
 r - 2 scrolls of immolation
 t - a scroll of fog {unknown}
 u - a scroll of brand weapon {unknown}
 A - a scroll of acquirement {unknown}
 E - 2 scrolls of fear
 G - a scroll of butterflies {unknown}
 H - a scroll of vulnerability {unknown}
 M - a scroll of enchant armour {unknown}
Potions
 e - 6 potions of brilliance
 f - a potion of flight
 i - a potion of heal wounds {unknown}
 j - 2 potions of mutation {unknown}
 s - a potion of curing {unknown}
 w - 2 potions of magic {unknown}
 x - a potion of ambrosia {unknown}
 z - a potion of haste
 I - 2 potions of degeneration {unknown}
 N - a potion of attraction {unknown}


   Skills:
 * Level 8.6 Fighting
 - Level 3.2 Maces & Flails
 * Level 6.4 Throwing
 * Level 5.8 Armour
 + Level 4.6 Dodging
 * Level 4.5 Invocations
 - Level 5.0 Evocations


You had 8 spell levels left.
You didn't know any spells.
Your spell library contained the following spells:

 Spells                   Type           Power      Damage    Failure   Level
 Apportation              Tloc           0%         N/A       45%         1
 Kiss of Death            Conj/Necr      0%         2d5       45%         1
 Magic Dart               Conj           0%         1d3       45%         1
 Necrotise                Necr           0%         1d4       45%         1
 Ensorcelled Hibernation  Hex/Ice        0%         N/A       58%         2
 Passwall                 Tmut/Erth      0%         N/A       58%         2
 Searing Ray              Conj           0%         2d4       58%         2
 Confusing Touch          Hex            0%         N/A       83%         3
 Dazzling Flash           Conj/Hex       0%         N/A       83%         3
 Inner Flame              Hex/Fire       0%         N/A       83%         3
 Swiftness                Air            0%         N/A       83%         3
 Anguish                  Hex/Necr       0%         N/A       99%         4
 Dispel Undead            Necr           0%         3d6       99%         4
 Flame Wave               Conj/Fire      0%         2d4       99%         4
 Fulminant Prism          Conj/Hex       0%         3d5       99%         4
 Iskenderun's Mystic Bla  Conj/Tloc      0%         2d3       99%         4
 Sticky Flame             Conj/Fire      0%         2d3       99%         4
 Starburst                Conj/Fire      0%         6d3       100%        6
 Enfeeble                 Hex            0%         N/A       100%        7
 Summon Small Mammal      Summ           Unusable   N/A       N/A         1

Dungeon Overview and Level Annotations

Branches:
Dungeon (7/15)             Temple (1/1) D:4

Altars:
Ashenzari
Cheibriados
Fedhas
Gozag
Kikubaaqudgha
Okawaru
Qazlal
Ru
Sif Muna
Vehumet
Xom
Yredelemnul
The Shining One

Shops:
D:5 =   D:6 =


Message History

You hit something. Something hits you but does no damage. Something bites you.
* * * LOW HITPOINT WARNING * * *
Something draws strength from your injuries!
You closely miss something. Something hits you!
* * * LOW HITPOINT WARNING * * *
Something bites you but does no damage.
You hit something but do no damage. Something hits you.
* * * LOW HITPOINT WARNING * * *
Something bites you!
* * * LOW HITPOINT WARNING * * *
Something draws strength from your injuries!
You hear some strange, mumbled words.
You are confused.
You hear some strange, mumbled words.
You are more confused.
A vampire appears from thin air!
Reactivating autopickup.
The vampire gestures wildly while chanting.
The vampire flickers and vanishes!
Deactivating autopickup; reactivate with Ctrl-A.
You're too confused to move!
Something hits you but does no damage. Something bites you but does no damage.
Something hits you.
* * * LOW HITPOINT WARNING * * *
Something bites you but does no damage.
You bump into the rock wall.
Something hits you!
* * * LOW HITPOINT WARNING * * *
Something bites you but does no damage.
You bump into the rock wall.
You hear some strange, mumbled words.
You are more confused.
You closely miss something. Something hits you!
* * * LOW HITPOINT WARNING * * *
Something bites you.
* * * LOW HITPOINT WARNING * * *
Something draws strength from your injuries!
It was a potion of haste.
You feel yourself speed up. Something hits you.
* * * LOW HITPOINT WARNING * * *
Something bites you!
You die...

....####...####
......#....~~~~
#.......### #.
#.....).))########
#.######.....###)......##
#....#.......#...........
#......#.^..............
#...#.###...#...........
##....{@....#...........
#.....##...............
##....#.......>....##..
##............#...####
#..........####)..
...........# #.....#
...###......# .......
.... .. ..... ......


There were no monsters in sight!

Vanquished Creatures
  A troll (D:6)
  Prince Ribbit (D:5)
  2 steam dragons
  2 water moccasins
  A sky beast (D:5)
  An orc warrior (D:7)
  A black bear (D:4)
  4 ogres
  2 centaurs
  2 phantoms
  4 bullfrogs
  4 scorpions
  2 necrophages
  2 wights (D:7)
  A howler monkey (D:5)
  3 jellies
  A gnoll bouda (D:5)
  3 hounds
  Crazy Yiuf (D:5)
  An orc priest (D:7)
  Jessica (D:3)
  An iguana (D:4)
  Terence (D:3)
  2 orc wizards
  12 adders
  5 gnolls
  A white imp (D:6)
  2 ufetubi (D:5)
  3 dart slugs
  A worm (D:2)
  10 orcs
  6 ball pythons
  11 endoplasms
  6 giant cockroaches
  6 goblins
  3 hobgoblins
  6 jackals
  2 quokkas
  5 bats
  2 frilled lizards (D:2)
  6 kobolds
  7 rats
138 creatures vanquished.

Vanquished Creatures (others)
  2 fungi (D:5)
2 creatures vanquished.

Grand Total: 140 creatures vanquished

Notes
Turn   | Place    | Note
-------+----------+-------------------------------------------
     0 | D:1      | browni3141 the Hill Orc Gladiator began the quest for the
                  | Orb.
     0 | D:1      | Reached XP level 1. HP: 18/18 MP: 1/1
    94 | D:1      | Reached XP level 2. HP: 25/25 MP: 2/2
   345 | D:1      | Reached skill level 3 in Fighting
   376 | D:1      | Reached XP level 3. HP: 31/31 MP: 3/3
  1171 | D:2      | Reached skill level 1 in Armour
  1453 | D:2      | Noticed a scorpion
  1469 | D:2      | Killed a scorpion
  1470 | D:2      | Reached XP level 4. HP: 37/40 MP: 4/4
  1477 | D:2      | Reached XP level 5. HP: 45/46 MP: 5/5
  1644 | D:2      | Reached skill level 4 in Fighting
  1891 | D:3      | Noticed Jessica
  1895 | D:3      | Killed Jessica
  2083 | D:3      | Found a stormy altar of Qazlal.
  2152 | D:3      | Noticed Terence
  2170 | D:3      | Killed Terence
  2302 | D:3      | Found a broken altar of Ashenzari.
  2324 | D:3      | Reached XP level 6. HP: 52/53 MP: 6/6
  2845 | D:4      | Found a staircase to the Ecumenical Temple.
  2850 | Temple   | Entered the Ecumenical Temple
  3143 | D:4      | Reached skill level 5 in Fighting
  3317 | D:4      | Reached XP level 7. HP: 50/61 MP: 4/7
  3404 | D:4      | Reached skill level 1 in Evocations
  3600 | D:4      | Reached skill level 6 in Fighting
  3948 | D:5      | Entered Level 5 of the Dungeon
  3962 | D:5      | Found Xoolaf's Jewellery Shop.
  4122 | D:5      | Noticed Prince Ribbit
  4130 | D:5      | Killed Prince Ribbit
  4131 | D:5      | Reached XP level 8. HP: 58/71 MP: 6/8
  4228 | D:5      | Found a basalt altar of Yredelemnul.
  4496 | D:5      | Reached skill level 5 in Throwing
  5034 | D:5      | Found a runed translucent door.
  5035 | D:5      | Noticed Crazy Yiuf
  5045 | D:5      | Killed Crazy Yiuf
  5104 | D:6      | Reached skill level 7 in Fighting
  5219 | D:6      | Found an iron altar of Okawaru.
  5802 | D:6      | Reached XP level 9. HP: 75/79 MP: 7/9
  5844 | D:6      | Became a worshipper of Warmaster Okawaru
  5906 | D:6      | Reached skill level 1 in Invocations
  6180 | D:6      | Found Ecyiquexu's Jewellery Emporium.
  6468 | D:6      | Found a radiant altar of Vehumet.
  6545 | D:6      | Reached skill level 5 in Armour
  6635 | D:6      | Reached * piety under Okawaru
  6686 | D:6      | Reached skill level 8 in Fighting
  6775 | D:7      | Noticed a troll
  6792 | D:6      | Killed a troll
  6793 | D:6      | Reached skill level 5 in Evocations
  7099 | D:7      | Identified the +0 leather armour of the Distant Future
                  | {*Corrode rF++ rN+}
  7107 | D:7      | Reached ** piety under Okawaru
  7213 | D:7      | HP: 3/82 [something (4)]
  7214 | D:7      | Slain by a vampire

Illustrated notes

Levels and vault maps discovered:
D:1:      ncdulo_halloftheorcs, layout_basic, nrook_mini_backslash
D:2:      layout_basic, minmay_tromino_v2
D:3:      layout_basic, evilmike_ruin_ashenzari, mainiacjoe_overflow_brackets,
          uniq_jessica, uniq_terence
D:4:      layout_loops_ring, minmay_temple_entry_offerings, minmay_quantized
D:5:      layout_loops_corners, kennysheep_mini_moat, serial_shops,
          nicolae_shop_behind_doors, uniq_crazy_yiuf_cottage,
          uniq_prince_ribbit1
D:6:      layout_loops_ring, vehumet_crystals, okawaru_metal_pillars_1_2,
          serial_shops, nicolae_inconvenience_store
D:7:      kennysheep_seaside_town, layout_cave_pools,
          nicolae_overflow_hidden_temple, chequers_serial_rivers_large_b,
          st_stairs_6
Temple:   nicolae_temple_superstar

Skill      XL: |  1  2  3  4  5  6  7  8  9 |
---------------+----------------------------+-----
Throwing       | 2 3 4 5 6 |  6.4
Fighting       | 3 4 5 6 7 8 |  8.6
Armour         | 1 2 3 4 5 |  5.8
Dodging        | 3 4 |  4.6
Evocations     | 2 4 5 |  5.0
Invocations    | 4 |  4.5
Maces & Flails | |  3.2

Action                     |  1- 3 |  4- 6 |  7- 9 || total
---------------------------+-------+-------+-------++-------
  Melee: Flail             |   119 |   153 |   270 ||   542
         Punch             |       |     1 |     3 ||     4
  Throw: Javelin           |     1 |       |       ||     1
         Throwing net      |     1 |     1 |       ||     2
 Invoke: Heroism           |       |       |     1 ||     1
  Evoke: Wand              |       |     6 |    27 ||    33
    Use: Scroll            |     5 |     1 |     2 ||     8
         Potion            |       |       |     1 ||     1
   Stab: Paralysed         |       |       |    13 ||    13
 Armour: Leather armour    |    29 |       |       ||    29
         Ring mail         |    25 |    89 |    54 ||   168
         Chain mail        |       |       |    76 ||    76
         Troll leather arm |       |       |    60 ||    60
  Dodge: Dodged            |   115 |   114 |   175 ||   404

Table legend: (Time is in decaauts)
 A = Elapsed time spent in this place.
 B = Non-inter-level travel time spent in this place.
 C = Inter-level travel time spent in this place.
 D = Time resting spent in this place.
 E = Time spent auto-exploring this place.
 F = Levels seen in this place.
 G = Mean time per level.
                   A        B        C        D        E       F      G
               +--------+--------+--------+--------+--------+-----+--------+
         Total |   7347 |   6923 |    424 |    729 |   4649 |   8 |  918.4 |
       Dungeon |   7242 |   6833 |    409 |    729 |   4569 |   7 | 1034.6 |
        Temple |    104 |     89 |     15 |      0 |     80 |   1 |  104.0 |
               +--------+--------+--------+--------+--------+-----+--------+

Top non-repeatable levels by time:
     D:5: 1812 daAuts
     D:3: 1282 daAuts
     D:1: 1166 daAuts
     D:4: 1068 daAuts
     D:6: 892 daAuts
     D:2: 588 daAuts
     D:7: 431 daAuts
  Temple: 104 daAuts
